Map: Daybreak LE (Void)

Players

Scarlett - Winner!

  • Race: Zerg Zerg
  • League: Master
  • Spawn Location: 7:00

ByuN

  • Race: Terran Terran
  • League: Master
  • Spawn Location: 1:00

Event: NationWars IV

VOD

https://www.youtube.com/watch?v=rFFRzxnwCKw&t=976s

Description

Time

  • Played on: Jan. 4, 2017, 4:52 p.m.
  • Length: 22:19

All games in this series

Show
View Real Time Build Order
Export as new Build Order

Scarlett Zerg - Winner!

Build Orders: Pool First, Roach Nydus 

Get SALT Encoding   

  12  0:00  Drone  
  13  0:12  Overlord  
  13  0:19  Drone  
  14  0:31  Drone x2  
  14  0:35  Drone  
  17  0:44  Drone  
  17  0:45  Extractor  
  17  0:50  Spawning Pool  
  17  0:55  Drone  
  17  1:06  Drone  
  18  1:19  Hatchery  
  18  1:23  Drone  
  18  1:37  Zergling x2, Queen  
  21  1:51  Overlord  
  21  1:56  Drone  
  22  2:12  Roach Warren  
  22  2:13  Queen  
  22  2:14  Zergling x2  
  24  2:30  Drone  
  24  2:32  Queen  
  24  2:35  Overlord  
  27  2:50  Queen  
  29  2:54  Roach x2  
  29  2:57  Roach  
  37  3:05  Roach  
  37  3:08  Drone  
  37  3:12  Overlord  
  38  3:15  Ravager  
  38  3:17  Drone  
  40  3:21  Drone  
  40  3:24  Drone  
  42  3:36  Drone  
  42  3:37  Drone x2  
  42  3:38  Drone  
  42  3:40  Drone  
  47  3:50  Ravager  
  46  4:01  Roach x2  
  46  4:02  Drone x2  
  52  4:03  Overlord  
  52  4:07  Extractor  
  52  4:09  Evolution Chamber  
  50  4:11  Overlord, Drone  
  50  4:12  Drone  
  53  4:24  Drone x5  
  53  4:30  Lair  
  57  4:36  Drone x3  
  60  4:45  Zerg Ground Armor Level 1  
  60  4:46  Drone  
  60  4:47  Drone  
  60  4:51  Drone x2  
  64  4:55  Queen  
  66  5:00  Extractor, Ravager  
  66  5:01  Overlord  
  66  5:09  Overlord  
  66  5:10  Extractor  
  66  5:13  Roach  
  67  5:14  Overlord  
  67  5:15  Drone  
  68  5:34  Glial Reconstitution  
  68  5:37  Queen x2  
  68  5:42  Nydus Network  
  71  5:52  Roach x4  
  79  5:58  Overlord  
  79  5:59  Roach x4  
  87  6:11  Roach, Overlord x2  
  89  6:22  Nydus Canal  
  91  6:25  Roach  
  91  6:26  Roach x3  
  91  6:27  Overlord  
  91  6:32  Overlord  
  97  6:36  Roach  
  99  6:46  Nydus Canal  
  99  6:47  Roach x2  
  101  6:49  Roach  
  105  6:56  Roach  
  105  6:57  Roach x2  
  109  7:08  Roach x3  
  100  7:11  Roach  
  100  7:15  Roach x2  
  87  7:23  Roach x2, Ravager x2  
  74  7:44  Zerg Missile Weapons Level 1  
  74  7:45  Roach x4  
  74  7:48  Ravager  
  83  7:55  Queen x2  
  87  7:59  Ravager  
  87  8:00  Ravager  
  87  8:04  Roach x2  
  73  8:20  Roach x3  
  73  8:24  Roach  
  72  8:28  Ravager  
  72  8:33  Queen  
  75  8:37  Ravager x2  
  75  8:39  Roach x2  
  81  8:44  Roach  
  81  8:45  Roach x2  
  87  8:56  Hatchery  
  87  8:59  Roach x2  
  88  9:06  Ravager  
  88  9:07  Ravager  
  88  9:08  Roach x2  
  90  9:22  Roach  
  90  9:23  Roach x5  
  102  9:28  Queen  
  104  9:40  Roach  
  104  9:41  Roach  
  108  9:58  Roach x2  
  108  9:59  Zerg Ground Armor Level 2  
  112  10:00  Roach x2  
  112  10:04  Hatchery  
  115  10:14  Drone x3  
  115  10:17  Spore Crawler  
  117  10:25  Roach  
  117  10:26  Roach x3  
  119  10:46  Roach x6  
  131  10:57  Overlord  
  131  10:58  Overlord  
  131  11:15  Queen  
  131  11:16  Overlord  
  131  11:17  Overlord  
  131  11:18  Drone x5  
  134  11:24  Tunneling Claws  
  134  11:25  Burrow  
  136  11:34  Drone x5  
  141  11:40  Drone  
  141  11:41  Drone x2  
  144  11:53  Infestation Pit  
  143  12:00  Drone x2  
  143  12:01  Drone x5  
  150  12:02  Drone x3  
  150  12:04  Extractor  
  150  12:05  Extractor  
  150  12:07  Roach  
  155  12:08  Roach  
  155  12:15  Zerg Missile Weapons Level 2  
  155  12:21  Zergling x2  
  156  12:31  Infestor x5  
  166  12:40  Hive  
  166  12:41  Spore Crawler  
  166  12:42  Queen x2  
  165  12:51  Spire  
  164  13:05  Queen  
  162  13:22  Drone x2  
  162  13:23  Drone  
  165  13:38  Evolution Chamber  
  164  13:41  Overlord x3  
  164  13:42  Overlord  
  164  13:44  Roach x6  
  164  13:48  Hatchery  
  163  13:57  Queen  
  163  13:59  Queen  
  167  14:05  Extractor  
  167  14:07  Extractor  
  159  14:19  Greater Spire  
  159  14:20  Zerg Ground Armor Level 3  
  159  14:39  Ravager x10  
  159  14:40  Corruptor x4  
  177  14:48  Spore Crawler  
  177  14:49  Spore Crawler, Queen x2  
  177  15:07  Hatchery  
  176  15:08  Roach  
  176  15:09  Roach x11  
  176  15:11  Roach  
  184  15:42  Brood Lord x4  
  163  16:05  Extractor  
  163  16:08  Roach x8  
  176  16:17  Drone  
  176  16:18  Drone x5  
  182  16:34  Extractor  
  182  16:38  Hatchery  
  180  17:02  Corruptor  
  180  17:03  Spore Crawler, Corruptor x6  
  181  17:18  Zerg Melee Weapons Level 1  
  173  17:23  Drone  
  173  17:24  Drone  
  173  17:26  Viper  
  178  17:33  Spore Crawler  
  177  17:46  Corruptor  
  177  17:47  Corruptor x2  
  100  18:05  Corruptor  
  100  18:06  Corruptor x3  
  108  18:16  Corruptor x3  
  114  18:26  Roach x3  
  120  18:37  Infestor  
  120  18:39  Infestor  
  124  18:47  Roach x4  
  127  19:03  Roach  
  127  19:04  Roach x6  
  127  19:09  Roach x7  
  153  19:14  Roach x3  
  146  19:28  Roach x3  
  146  19:29  Roach x2  
  124  19:44  Roach x7  
  108  19:53  Roach x3  
  110  20:06  Ravager  
  111  20:07  Ravager  
  111  20:08  Roach, Drone x4  
  111  20:14  Roach x2  
  117  20:15  Ravager x2  
  117  20:17  Roach  
  121  20:34  Roach  
  121  20:35  Roach x2  
  115  20:39  Roach x3  
  121  20:46  Roach  
  121  20:47  Roach x2  
  127  20:51  Hatchery  
  127  20:55  Ravager  
  127  20:58  Roach x3  
  133  21:09  Roach x3  
  139  21:14  Roach  
  139  21:15  Roach x2  
  145  21:24  Infestor  
  147  21:29  Roach x3  
  153  21:36  Roach x2  
  157  21:46  Roach x18  
  161  21:55  Roach x4  
Show
View Real Time Build Order
Export as new Build Order

ByuN Terran 

Build Orders: MMM Bio 

Get SALT Encoding   

  12  0:00  SCV  
  13  0:12  SCV  
  14  0:18  Supply Depot  
  14  0:24  SCV  
  15  0:39  SCV  
  15  0:41  Barracks  
  16  0:44  Refinery  
  16  0:51  SCV  
  17  1:00  Barracks  
  17  1:05  SCV  
  18  1:17  SCV  
  19  1:27  Reaper  
  19  1:29  Orbital Command  
  20  1:37  Barracks  
  20  1:43  Refinery  
  20  1:47  Reaper  
  21  1:55  Supply Depot  
  21  1:59  SCV  
  22  2:03  Reaper  
  23  2:16  SCV  
  23  2:19  Reaper  
  23  2:22  Supply Depot  
  25  2:27  Reaper  
  25  2:28  SCV  
  27  2:35  Reaper  
  28  2:40  SCV  
  29  2:52  Reaper  
  29  2:56  Command Center  
  30  2:58  SCV  
  31  3:07  Reaper  
  31  3:11  SCV  
  34  3:17  Supply Depot  
  34  3:24  Barracks Tech Lab  
  34  3:25  SCV  
  34  3:37  SCV, Barracks Reactor  
  34  3:40  Barracks Reactor  
  34  3:41  Engineering Bay  
  35  3:44  Marine, Stimpack  
  35  3:49  SCV  
  35  4:01  Marine, SCV  
  37  4:03  Factory  
  37  4:09  Orbital Command  
  37  4:13  SCV  
  37  4:14  Terran Infantry Weapons Level 1  
  38  4:19  Marine  
  38  4:20  Marine x2  
  38  4:23  Marine  
  42  4:24  Marine  
  42  4:27  SCV  
  44  4:39  SCV  
  44  4:40  Marine x3, SCV  
  44  4:41  Marine  
  49  4:47  Supply Depot  
  49  4:51  Marine, SCV  
  49  4:52  SCV  
  52  4:58  Marine x3  
  52  4:59  Marine  
  56  5:03  Starport  
  56  5:06  Factory Reactor  
  56  5:07  SCV  
  56  5:08  SCV  
  56  5:09  Marine  
  56  5:12  Refinery  
  59  5:19  SCV  
  59  5:20  SCV  
  61  5:21  Marine x2, Supply Depot  
  61  5:22  Marine  
  61  5:23  Marine  
  65  5:29  Supply Depot  
  65  5:31  SCV  
  65  5:32  SCV  
  67  5:37  Marine  
  67  5:39  Marine x2  
  67  5:42  Marine x2  
  70  5:43  SCV  
  70  5:48  SCV  
  73  5:50  Medivac x2  
  73  5:53  Supply Depot  
  73  5:56  Combat Shields  
  77  5:57  SCV  
  77  6:00  SCV  
  77  6:03  Factory Tech Lab  
  79  6:07  Supply Depot  
  79  6:09  Marine x3  
  79  6:10  Marine  
  84  6:11  Marine  
  84  6:19  Supply Depot, Terran Infantry Armor Level 1  
  84  6:22  Medivac  
  84  6:23  Medivac  
  88  6:30  Marine x5  
  93  6:36  Supply Depot  
  93  6:38  Siege Tank  
  96  6:41  Bunker  
  96  6:47  Marine  
  96  6:48  Marine  
  96  6:53  Marine, Supply Depot x2  
  96  7:05  SCV x2  
  90  7:10  Marine  
  75  7:17  SCV x2  
  75  7:22  Siege Tank  
  76  7:28  Marine  
  76  7:29  SCV x2  
  75  7:41  SCV x2  
  75  7:45  Marine, Liberator  
  75  7:46  Marine  
  76  7:53  SCV x2  
  76  7:56  Siege Tank  
  80  8:05  Marine, SCV x2  
  82  8:15  Marine x2  
  82  8:17  SCV x2  
  75  8:23  Marine  
  69  8:29  SCV x2  
  69  8:32  Siege Tank, Liberator  
  69  8:33  Marine  
  73  8:38  Marine  
  74  8:41  SCV x2  
  74  8:47  Refinery  
  76  8:53  Marine x2, SCV  
  76  8:54  SCV  
  83  8:56  Marine  
  83  9:02  Supply Depot  
  84  9:03  Supply Depot  
  84  9:08  Siege Tank  
  84  9:10  Marine  
  84  9:11  Marine, Supply Depot  
  85  9:18  Supply Depot  
  85  9:21  Bunker  
  85  9:23  Marine  
  85  9:26  SCV x2  
  85  9:29  Refinery  
  87  9:35  Marine x2  
  87  9:37  Medivac  
  91  9:40  Missile Turret  
  91  9:45  Missile Turret  
  91  9:53  Command Center  
  91  9:57  Marine  
  91  9:58  Marine x2, Siege Tank  
  100  10:15  Marine  
  100  10:16  Marine x2  
  100  10:19  Starport Reactor  
  100  10:20  Barracks  
  100  10:24  Armory  
  98  10:30  Siege Tank  
  98  10:33  Marine x2  
  102  10:38  Marine  
  102  10:44  Barracks  
  102  10:51  Marine  
  102  10:54  Barracks  
  103  11:02  SCV x2  
  103  11:03  Siege Tank  
  108  11:04  Supply Depot  
  108  11:05  Supply Depot, Engineering Bay  
  108  11:09  Refinery  
  108  11:16  Marine  
  108  11:17  Marine x2  
  111  11:30  Orbital Command  
  109  11:34  Terran Infantry Weapons Level 2, Starport Reactor  
  109  11:36  Terran Infantry Armor Level 2  
  109  11:39  Marine  
  109  11:40  Marine x4  
  109  11:42  Barracks Reactor x2  
  109  11:44  Terran Vehicle Weapons Level 1  
  114  11:58  Marauder  
  116  12:06  Marine x4  
  120  12:19  Marine  
  120  12:21  Marine x4  
  125  12:24  Marine x2  
  125  12:28  Missile Turret  
  127  12:33  Orbital Command  
  127  12:36  Marine x2  
  129  12:37  Marine  
  129  12:39  Marine x4  
  129  12:43  Supply Depot  
  129  12:44  Concussive Shells  
  133  12:50  Supply Depot  
  134  13:01  Supply Depot  
  134  13:03  Marine x7  
  140  13:12  Marine x2, Siege Tank  
  141  13:22  Refinery  
  141  13:23  Refinery  
  141  13:33  Missile Turret  
  141  13:34  Marine x3  
  141  13:35  Marine x4  
  141  13:36  Factory  
  141  13:38  Marine  
  149  13:43  Marauder  
  149  13:47  Terran Vehicle Weapons Level 2  
  151  13:54  Siege Tank  
  154  14:07  Marine x7  
  154  14:08  Marine  
  154  14:09  Marauder  
  162  14:20  Factory Tech Lab  
  162  14:26  Terran Infantry Weapons Level 3  
  162  14:27  Siege Tank  
  165  14:32  Marauder, Marine  
  165  14:33  Marine x7  
  175  14:41  Siege Tank  
  178  14:59  Terran Infantry Armor Level 3  
  178  15:14  Marauder, Marine  
  180  15:18  Supply Depot  
  180  15:21  Missile Turret  
  181  15:26  Marine  
  181  15:27  Marine  
  181  15:28  Marine  
  181  15:31  Marine x3  
  181  15:33  Marine  
  181  15:34  Marine  
  175  15:36  Orbital Command  
  175  15:38  Marine  
  164  15:44  Marine  
  164  15:45  Marine  
  164  15:46  Marine  
  164  15:49  Marine x3  
  168  15:51  Missile Turret  
  168  15:53  Marine x2  
  171  16:02  Marine  
  170  16:15  Viking x2  
  170  16:19  Marine x3  
  170  16:20  Marine  
  170  16:22  Marine  
  175  16:29  Marine x3  
  178  16:38  Marine  
  179  16:40  Marine x2  
  181  16:54  Viking x2  
  183  16:56  Missile Turret  
  183  17:00  Starport  
  183  17:23  Viking  
  183  17:24  Viking  
  183  17:27  Marine x2  
  189  17:35  Marine, Supply Depot  
  189  17:37  Supply Depot  
  189  17:48  Marine  
  189  17:49  Marine  
  189  17:50  Marine x3  
  189  17:51  Marine, Viking  
  188  17:53  Marine, Viking  
  188  17:57  Marine  
  188  17:58  Marine  
  128  18:06  Marine  
  128  18:07  Marine x2  
  128  18:08  Marine x3, Viking  
  128  18:11  Marine  
  135  18:16  Marine x2  
  135  18:21  Viking  
  135  18:24  Marine  
  135  18:25  Marine x3  
  135  18:26  Marine x2  
  143  18:28  Marine  
  143  18:33  Marine x2  
  146  18:42  Marine  
  146  18:43  Marine x3  
  146  18:44  Marine x2  
  146  18:46  Marine  
  153  18:48  Viking x2  
  153  18:51  Marine x2  
  153  18:54  Viking  
  161  19:00  Marine  
  161  19:01  Marine  
  161  19:03  Marine  
  161  19:06  Marine  
  161  19:07  Marine  
  161  19:09  Marine  
  154  19:11  Marine  
  154  19:12  Marine  
  152  19:17  Marine  
  152  19:18  Viking x2  
  152  19:19  Marine  
  152  19:21  Marine x2  
  141  19:24  Marine  
  141  19:25  Marine  
  141  19:27  Marine  
  141  19:29  Marine  
  141  19:30  Marine  
  125  19:34  Marine  
  125  19:37  Marine  
  114  19:38  Marine  
  114  19:39  Marine  
  114  19:42  Marine  
  114  19:43  Marine  
  114  19:45  Marine  
  106  19:46  Marine  
  106  19:48  Marine  
  106  19:52  Marine  
  91  19:54  Marine  
  91  19:56  Marine  
  81  20:01  Medivac x2  
  81  20:02  Medivac, Siege Tank  
  81  20:04  Siege Tank  
  81  20:06  Marine x2  
  81  20:07  Marine  
  88  20:09  Marine  
  88  20:14  Marine x4  
  89  20:15  Marine  
  94  20:25  Orbital Command, Marine  
  94  20:26  Marine  
  94  20:29  Marine  
  94  20:32  Marine  
  94  20:33  Marine  
  68  20:36  Marine x4  
  64  20:43  Marine  
  64  20:45  Marine  
  64  20:47  Marine  
  67  20:50  Marine  
  67  20:51  Marine  
  67  20:56  Marine  
  70  21:00  Marine  
  70  21:03  Marine  
  72  21:10  Marine x2  
  74  21:14  Marine  
  74  21:18  Marine x2  
  77  21:22  Marine  
  77  21:24  Marine  
  79  21:30  Marine  
  79  21:31  Marine  
  81  21:35  Orbital Command  
  81  21:41  Marine  
Tags
 
Add a new tag
Caveats
  • Supply blocks, unpowered buildings, or Contaminate may cause inaccurate times.
  • Supply counts are checked every 10 seconds.